 Dungeon Crawl Stone Soup version 0.27-a0-1545-g3eddc1d3d3 (webtiles) character file.

Game seed: 15435370495644973714

324 Kinoniko the Shield-Bearer (level 6, -5/47 HPs)
             Began as a Formicid Fighter on July 13, 2021.
             Slain by a gargoyle (8 damage)
             ... on level 6 of the Dungeon.
             The game lasted 00:02:17 (2158 turns).

Kinoniko the Shield-Bearer (Formicid Fighter)       Turns: 2158, Time: 00:02:17

Health: -5/47      AC: 11    Str: 22    XL:     6   Next: 77%
Magic:  6/6        EV:  8    Int:  8    God:
Gold:   126        SH: 10    Dex: 10    Spells: 5/5 levels left

rFire    . . .     SeeInvis +   a - +0 war axe
rCold    . . .     Faith    .   c - +0 kite shield
rNeg     . . .     Spirit   .   b - +0 scale mail
rPois    .         Reflect  .   (helmet unavailable)
rElec    .         Harm     .   d - +0 cloak
rCorr    .         Rampage  .   g - +2 pair of gloves
Will     .....                  (no boots)
Stlth    ..........             (no amulet)
HPRegen  0.15/turn              (no ring)
MPRegen  0.10/turn              (no ring)

@: very slightly contaminated, invisible
A: permanent stasis, dig shafts and tunnels, antennae 3, four strong arms
a: Dig, Shaft Self


You were on level 6 of the Dungeon.
You visited 1 branch of the dungeon, and saw 4 of its levels.

You collected 126 gold pieces.

Inventory:

Hand Weapons
 a - a +0 war axe (weapon)
Armour
 b - a +0 scale mail (worn)
 c - a +0 kite shield (worn)
 d - a +0 cloak (worn)
 g - a +2 pair of gloves (worn)
Wands
 j - a wand of mindburst (14)
Scrolls
 f - 4 scrolls of identify {unknown}
 h - a scroll of teleportation {unknown}
 i - a scroll of amnesia {unknown}
 k - a scroll of fog {unknown}
 l - a scroll of blinking {unknown}
 m - a scroll of summoning {unknown}
 n - a scroll of enchant weapon {unknown}
 o - a scroll of noise {unknown}
Potions
 e - a potion of invisibility
 p - a potion of haste {unknown}


   Skills:
 - Level 3.3 Fighting
 * Level 5.5 Axes
 - Level 3.3 Armour
 + Level 5.6 Shields


You had 5 spell levels left.
You didn't know any spells.
Your spell library contained the following spells:

 Spells                   Type           Power      Damage    Failure   Level
 Beastly Appendage        Tmut           0%         N/A       93%         1
 Wereblood                Tmut           0%         N/A       98%         2
 Spider Form              Tmut/Pois      0%         N/A       100%        3


Dungeon Overview and Level Annotations

Branches:
Dungeon (3/15)

Altars:


Innate Abilities, Weirdness & Mutations

You cannot be hasted, slowed, berserked, paralysed or teleported.
You can dig through walls and to a lower floor.
You have a pair of large antennae on your head. (SInv)
Your four strong arms can wield two-handed weapons with a shield.


Message History

A gargoyle comes into view. It is wielding a +0 mace.
You block the gargoyle's attack.
It was a potion of invisibility.
You fade into invisibility!
A phantom comes into view.
The gargoyle hits you with a +0 mace!
You are very lightly contaminated with residual magic.
You hit the gargoyle.
The gargoyle is lightly damaged.
You barely miss the iguana. The gargoyle hits you with a +0 mace.
You block the iguana's attack.
You slash the gargoyle!
The gargoyle is heavily damaged.
You hit the iguana. You block the gargoyle's attack.
You block the iguana's attack.
You barely miss the gargoyle.
The gargoyle is heavily damaged.
Your shield prevents you from hitting the iguana.
You block the gargoyle's attack.
The iguana bites you but does no damage.
The gargoyle hurls a stone arrow at you.
The stone arrow hits you!!
You hit the gargoyle but do no damage.
The gargoyle is heavily damaged.
You barely miss the iguana. The iguana barely misses you.
You block the gargoyle's attack. The iguana closely misses you.
Unknown command.
You hit the gargoyle but do no damage.
The gargoyle is heavily damaged.
You hit the iguana.
The gargoyle hurls a stone arrow at you.
The stone arrow hits you!
* * * LOW HITPOINT WARNING * * *
The iguana barely misses you.
Unknown command.
You hit the gargoyle.
The gargoyle is heavily damaged.
You barely miss the iguana. You block the gargoyle's attack.
The iguana barely misses you. The gargoyle hits you with a +0 mace!
You die...

#.#.....#.###
#....⌠....... ###
#.#.....#..##
.... #⌠...⌠# ...
##.# ###.### #
##...##.!...# .
#.....#.....#.8.8
#......$....8.
#.....#@l(..#.8.8
##...##.9W..#....
##.# ###.### #.#
... .... .. ###
....# ......
.....#.. .#..


You could see a phantom, a gargoyle and an iguana.

Vanquished Creatures
  A wraith (D:6)
  Crazy Yiuf (D:2)
  An orc priest (D:3)
  A bullfrog skeleton (D:6)
  3 adders
  A worm (D:2)
  A dart slug (D:1)
  5 orcs (D:3)
  4 endoplasms
  2 giant cockroaches (D:1)
  4 goblins
  2 hobgoblins
  6 jackals (D:2)
  2 quokkas
  9 ball pythons
  3 bats
  A frilled lizard (D:1)
  3 kobolds (D:1)
  10 rats
60 creatures vanquished.

Notes
Turn   | Place    | Note
-------+----------+-------------------------------------------
     0 | D:1      | Kinoniko the Formicid Fighter began the quest for the Orb.
     0 | D:1      | Reached XP level 1. HP: 18/18 MP: 1/1
   128 | D:1      | Reached XP level 2. HP: 17/24 MP: 2/2
   531 | D:1      | Reached XP level 3. HP: 29/29 MP: 3/3
   739 | D:1      | Found a faded altar of an unknown god.
  1095 | D:2      | Reached XP level 4. HP: 33/35 MP: 4/4
  1257 | D:2      | Found a runed translucent door.
  1258 | D:2      | Noticed Crazy Yiuf
  1350 | D:2      | Killed Crazy Yiuf
  1517 | D:3      | Reached XP level 5. HP: 12/41 MP: 5/5
  1891 | D:3      | You fall into a shaft and drop 3 floors!
  1895 | D:6      | Noticed a wraith
  1906 | D:6      | Reached skill level 5 in Shields
  1910 | D:6      | Killed a wraith
  1911 | D:6      | Reached skill level 5 in Axes
  1911 | D:6      | Reached XP level 6. HP: 12/47 MP: 6/6
  2148 | D:6      | Noticed a gargoyle
  2158 | D:6      | Slain by a gargoyle

Illustrated notes

Levels and vault maps discovered:
D:1:      enne_arrival_octagon_isle, layout_rooms,
          dreamdust_ecumenical_altar_hidden_monk_grotto
D:2:      layout_rooms, uniq_crazy_yiuf_cottage
D:3:      layout_rooms, lemuel_coloured_pillars_altar, gup_sewer_entry_bowl,
          chequers_serial_rivers_large_a
D:6:      layout_basic, minmay_chambers_of_fives

Skill      XL: |  1  2  3  4  5 |
---------------+----------------+-----
Shields        | 4 5 |  5.6
Axes           | 3 4 5 |  5.5
Fighting       | |  3.3
Armour         | |  3.3

Action                   |  1- 3 |  4- 6 || total
-------------------------+-------+-------++-------
Melee: War axe           |    84 |    77 ||   161
  Use: Potion            |       |     2 ||     2
Armor: Scale mail        |    40 |    40 ||    80
Dodge: Dodged            |    27 |    35 ||    62
Block: Kite shield       |    50 |    51 ||   101

Table legend: (Time is in decaauts)
 A = Elapsed time spent in this place.
 B = Non-inter-level travel time spent in this place.
 C = Inter-level travel time spent in this place.
 D = Time resting spent in this place.
 E = Time spent auto-exploring this place.
 F = Levels seen in this place.
 G = Mean time per level.
                   A        B        C        D        E       F      G
               +--------+--------+--------+--------+--------+-----+--------+
         Total |   2235 |   2196 |     39 |    512 |   1260 |   4 |  558.8 |
       Dungeon |   2235 |   2196 |     39 |    512 |   1260 |   4 |  558.8 |
               +--------+--------+--------+--------+--------+-----+--------+

Top non-repeatable levels by time:
     D:1: 829 daAuts
     D:2: 733 daAuts
     D:3: 399 daAuts
     D:6: 273 daAuts
